Blues vs Jets

Created - November 17, 2025 at 19:02

Goals
1 2 3 T
Blues 1 2 0 3
Jets 2 2 1 5
Shots
1 2 3 T
Blues 8 11 8 27
Jets 12 7 7 26

1st period

1. Jets , Nikita Zaitsev 1 (Dougie Hamilton 3, Pavel Buchnevich 2) at 10:19
2. Jets , Jack Roslovic 2 (Pavel Buchnevich 3, Tyler Seguin 4) at 15:13
3. Blues , Seth Jones 1 (Nathan MacKinnon 4, Jake Oettinger) at 19:31 (PP)

Penalties :
Sam Reinhart (Win) for Holding (Minor) at 7:52, Erik Cernak (Win) for Holding (Minor) at 19:17

2nd period

4. Jets , Tyler Seguin 2 (Dougie Hamilton 4) at 0:16 (PP)
5. Blues , Jordan Kyrou 6 (Filip Forsberg 3, Nathan MacKinnon 5) at 7:03 (PP)
6. Jets , Erik Cernak 1 (Troy Stetcher 1, Frank Vatrano 1) at 8:22
7. Blues , Joachim Blichfeld 1 (Cody Ceci 1) at 10:47

Penalties :
Jordan Kyrou (Stl) for Roughing (Double Minor) at 0:09, Anthony Beauvillier (Win) for Hooking (Minor) at 5:48

3rd period

8. Jets , Dougie Hamilton 2 (Pavel Buchnevich 4, Jack Roslovic 3) at 0:56

Penalties :
Joachim Blichfeld (Stl) for Holding (Minor) at 1:58, Henri Jokiharju (Stl) for Cross-checking (Minor) at 9:14, Jujhar Khaira (Stl) for Interference (Minor) at 11:56

Goalie Stats

Jake Oettinger (Stl), 13 saves from 17 shots - (0.765), L, 0-4-0, 28:22 minutes
Laurent Brossoit (Stl), 8 saves from 9 shots - (0.889), 31:38 minutes
Filip Gustavsson (Win), 24 saves from 27 shots - (0.889), W, 1-1-0, 60:00 minutes

Players Stats for Blues

Player Name              G  A  P  +/- PIM S  H  SB GA TA FO     MP     PP MP  PK MP  
------------------------------------------------------------------------------------
Cody Ceci                0  1  1  -1  0   1  2  0  0  0  0/0    21:28   0:00   4:07 
Dominik Simon            0  0  0  -2  0   1  0  0  0  0  1/1    17:13   1:25   2:38 
Ethan Bear               0  0  0  -3  0   0  1  1  0  0  0/0    20:34   0:00   0:15 
Filip Forsberg           0  1  1   0  0   2  1  0  1  1  2/2    18:48   1:57   0:00 
Henri Jokiharju          0  0  0   0  2   0  2  0  0  1  0/0    18:44   0:54   2:33 
Jeremy Lauzon            0  0  0   0  0   2  0  0  0  0  0/0    16:52   2:34   3:26 
Joachim Blichfeld        1  0  1   0  2   2  3  1  0  0  0/0    11:11   0:06   0:00 
Jordan Kyrou             1  0  1  -2  4   5  1  0  0  0  0/0    14:44   1:57   0:00 
Josh Morrissey           0  0  0   0  0   1  2  1  0  0  0/0    19:12   0:54   4:25 
Jujhar Khaira            0  0  0   0  2   0  2  0  0  0  0/0    12:36   0:00   1:55 
Nathan MacKinnon         0  2  2   0  0   0  2  0  0  0  12/26  20:16   1:57   1:07 
Nikolaj Ehlers           0  0  0   0  0   3  0  0  0  0  1/2    18:17   1:25   0:00 
Pierre Engvall           0  0  0  -1  0   2  0  0  0  1  0/0    11:41   0:00   4:14 
Rourke Chartier          0  0  0  -1  0   2  2  0  0  0  3/4     8:05   0:06   0:00 
Seth Jones               1  0  1  -2  0   4  0  0  1  0  0/0    23:22   2:34   1:20 
Tyler Toffoli            0  0  0  -2  0   1  3  0  1  1  6/13   18:09   1:25   4:11 
Vincent Trocheck         0  0  0   0  0   1  2  0  1  0  2/3    12:41   0:00   2:01 
Wayne Simmonds           0  0  0  -1  0   0  2  0  0  1  0/0     8:00   0:06   0:00 

Players Stats for Jets

Player Name              G  A  P  +/- PIM S  H  SB GA TA FO     MP     PP MP  PK MP  
------------------------------------------------------------------------------------
Alex Tuch                0  0  0   0  0   1  1  0  0  0  1/2    15:21   0:16   0:00 
Anthony Beauvillier      0  0  0   1  2   0  0  0  1  0  0/0     9:51   0:00   1:16 
Anthony Mantha           0  0  0   0  0   0  2  1  1  0  0/0    18:17   4:05   0:55 
Dougie Hamilton          1  2  3   3  0   2  2  1  1  0  0/0    24:39   4:49   1:15 
Dylan Strome             0  0  0   1  0   3  0  2  0  0  11/25  21:37   3:14   0:11 
Erik Cernak              1  0  1   0  2   2  0  0  1  0  0/0    15:45   0:00   1:59 
Frank Vatrano            0  1  1   1  0   3  1  0  0  0  1/2    10:29   0:03   0:38 
Jack Roslovic            1  1  2   3  0   4  1  0  0  1  0/0    18:01   3:55   0:00 
Mika Zibanejad           0  0  0  -1  0   3  2  1  1  0  5/9    19:09   3:54   2:12 
Nikita Zaitsev           1  0  1   1  0   2  0  0  0  1  0/0    14:08   0:00   1:15 
Noah Hanifin             0  0  0   0  0   0  0  0  0  1  0/0    19:35   3:14   0:14 
Pavel Buchnevich         0  3  3   3  0   0  0  1  0  0  1/1    19:08   3:55   1:06 
Robby Fabbri             0  0  0  -1  0   0  2  0  0  0  0/0    12:10   0:00   0:00 
Roope Hintz              0  0  0   0  0   0  0  0  0  0  0/0     1:36   0:00   0:38 
Ryan Murray              0  0  0   2  0   0  0  2  0  1  0/0    20:28   0:00   2:13 
Sam Reinhart             0  0  0  -1  2   3  3  0  0  0  0/0    16:26   4:05   0:00 
Troy Stetcher            0  1  1   0  0   2  1  0  0  0  0/0    21:29   4:49   0:00 
Tyler Seguin             1  1  2   3  0   1  0  0  0  0  5/12   18:20   3:56   0:00 

3 Stars

1 - Dougie Hamilton (Win)
2 - Jack Roslovic (Win)
3 - Pavel Buchnevich (Win)

Power Play

Blues - 2 on 3 Attempt(s) - 66.67%
Jets - 1 on 5 Attempt(s) - 20.00%

Penalty Kill

Blues - 4 on 5 Attempt(s) - 80.00% - Score 0 goal in Penalty Kill
Jets - 1 on 3 Attempt(s) - 33.33% - Score 0 goal in Penalty Kill

Team Stat

Blues - Hits : 25 - Faceoff Wins : 27 - Blocked Shots : 3 - Penalty Minutes : 10
Jets - Hits : 15 - Faceoff Wins : 24 - Blocked Shots : 8 - Penalty Minutes : 6

Official

Referees : Ian Walsh and Francis Charron
Linesman : Vaughan Rody and Trent Knorr

Game Notes

Laurent Brossoit enters game at 8:22 of 2nd period

Finance

Level 1 -- Attendance: 5713 (95.22%) -- Ticket Income $571,300
Level 2 -- Attendance: 5000 (100.00%) -- Ticket Income $350,000
Level 3 -- Attendance: 1881 (94.05%) -- Ticket Income $75,240
Level 4 -- Attendance: 3630 (90.75%) -- Ticket Income $108,900
Luxury Box -- Attendance: 949 (94.90%) -- Ticket Income $189,800
Game was played at the Bell MTS Place.
Total Attendance: 17173 (95.41%)
Total Ticket Income: $1,295,240
Other Income: $194,286
Total Income: $1,489,526

Blues

5 vs 5 Forward 
   Center                   Left Wing                Right Wing               Time % Phy DF OF 
 1 Nathan MacKinnon         Filip Forsberg           Nikolaj Ehlers           40     0   2  3  
 2 Tyler Toffoli            Dominik Simon            Jordan Kyrou             30     0   2  3  
 3 Vincent Trocheck         Jujhar Khaira            Joachim Blichfeld        20     1   2  2  
 4 Rourke Chartier          Pierre Engvall           Wayne Simmonds           10     0   3  2  

5 vs 5 Defense 
   Defense                  Defense                                           Time % Phy DF OF 
 1 Seth Jones               Ethan Bear                                        40     1   2  2  
 2 Henri Jokiharju          Cody Ceci                                         30     1   2  2  
 3 Josh Morrissey           Jeremy Lauzon                                     20     1   2  2  
 4 Josh Morrissey           Cody Ceci                                         10     1   2  2  

PowerPlay Forward 
   Center                   Left Wing                Right Wing               Time % Phy DF OF 
 1 Nathan MacKinnon         Filip Forsberg           Jordan Kyrou             60     0   2  3  
 2 Tyler Toffoli            Dominik Simon            Nikolaj Ehlers           40     0   2  3  

PowerPlay Defense
   Defense                  Defense                                           Time % Phy DF OF 
 1 Seth Jones               Jeremy Lauzon                                     60     0   2  3  
 2 Henri Jokiharju          Josh Morrissey                                    40     0   2  3  

Penalty Kill 4 Players Forward 
   Center                   Wing                     Time % Phy DF OF 
 1 Tyler Toffoli            Pierre Engvall           60     1   3  1  
 2 Vincent Trocheck         Jujhar Khaira            40     1   3  1  

Penalty Kill 4 Players Defense
   Defense                  Defense                  Time % Phy DF OF 
 1 Cody Ceci                Josh Morrissey           60     1   2  2  
 2 Jeremy Lauzon            Henri Jokiharju          40     1   2  2  

Penalty Kill - 3 Players Forward 
   Forward                                           Time % Phy DF OF 
 1 Pierre Engvall                                    60     1   2  2  
 2 Tyler Toffoli                                     40     1   2  2  

Penalty Kill - 3 Players Defense
   Defense                  Defense                  Time % Phy DF OF 
 1 Cody Ceci                Henri Jokiharju          60     1   2  2  
 2 Jeremy Lauzon            Josh Morrissey           40     1   2  2  

4 vs 4 Forward 
   Center                   Wing                     Time % Phy DF OF 
 1 Nathan MacKinnon         Filip Forsberg           60     1   2  2  
 2 Tyler Toffoli            Nikolaj Ehlers           40     1   2  2  

4 vs 4 Defense
   Defense                  Defense                  Time % Phy DF OF 
 1 Seth Jones               Ethan Bear               60     1   2  2  
 2 Cody Ceci                Henri Jokiharju          40     1   2  2  

Last Minutes Offensive
   Center                   Left Wing                Right Wing               Defense                  Defense                  
   Nathan MacKinnon         Filip Forsberg           Nikolaj Ehlers           Seth Jones               Jeremy Lauzon            

Last Minutes Defensive
   Center                   Left Wing                Right Wing               Defense                  Defense                  
   Tyler Toffoli            Jujhar Khaira            Wayne Simmonds           Seth Jones               Cody Ceci                

Goaltenders
Starting : Jake Oettinger           
Backup : Laurent Brossoit         

Extra Forwards
Normal : Jordan Kyrou, Nikolaj Ehlers, Nathan MacKinnon - PP : Rourke Chartier, Joachim Blichfeld - PK : Jujhar Khaira
Extra Defensemen
Normal : Cody Ceci, Josh Morrissey, Seth Jones - PP : Cody Ceci - PK : Seth Jones, Josh Morrissey
Penalty Shots
Jordan Kyrou, Rourke Chartier, Filip Forsberg, Joachim Blichfeld, Vincent Trocheck
Custom OT Lines Forwards
Filip Forsberg, Nathan MacKinnon, Wayne Simmonds, Nikolaj Ehlers, Tyler Toffoli, Jordan Kyrou, Vincent Trocheck, Jujhar Khaira, Joachim Blichfeld, Dominik Simon
Custom OT Lines Defensemen
Seth Jones, Henri Jokiharju, Josh Morrissey, Ethan Bear, Cody Ceci

Scratches
Andrew Shaw (Healthy), David Perron (Healthy), Drew Shore (Healthy), Travis Sanheim (Torn Left MCL Injury)

Jets

5 vs 5 Forward 
   Center                   Left Wing                Right Wing               Time % Phy DF OF 
 1 Dylan Strome             Anthony Mantha           Alex Tuch                30     0   2  3  
 2 Tyler Seguin             Pavel Buchnevich         Jack Roslovic            30     0   2  3  
 3 Mika Zibanejad           Robby Fabbri             Sam Reinhart             25     0   2  3  
 4 Dylan Strome             Anthony Beauvillier      Frank Vatrano            15     1   2  2  

5 vs 5 Defense 
   Defense                  Defense                                           Time % Phy DF OF 
 1 Ryan Murray              Dougie Hamilton                                   35     1   2  2  
 2 Troy Stetcher            Erik Cernak                                       30     1   2  2  
 3 Noah Hanifin             Nikita Zaitsev                                    25     1   2  2  
 4 Troy Stetcher            Noah Hanifin                                      10     1   2  2  

PowerPlay Forward 
   Center                   Left Wing                Right Wing               Time % Phy DF OF 
 1 Tyler Seguin             Anthony Mantha           Sam Reinhart             60     1   0  4  
 2 Mika Zibanejad           Pavel Buchnevich         Jack Roslovic            40     1   0  4  

PowerPlay Defense
   Defense                  Defense                                           Time % Phy DF OF 
 1 Troy Stetcher            Dougie Hamilton                                   60     0   1  4  
 2 Noah Hanifin             Dylan Strome                                      40     0   1  4  

Penalty Kill 4 Players Forward 
   Center                   Wing                     Time % Phy DF OF 
 1 Mika Zibanejad           Anthony Beauvillier      60     0   3  2  
 2 Roope Hintz              Frank Vatrano            40     0   3  2  

Penalty Kill 4 Players Defense
   Defense                  Defense                  Time % Phy DF OF 
 1 Ryan Murray              Erik Cernak              60     1   3  1  
 2 Dougie Hamilton          Nikita Zaitsev           40     1   3  1  

Penalty Kill - 3 Players Forward 
   Forward                                           Time % Phy DF OF 
 1 Frank Vatrano                                     60     0   4  1  
 2 Anthony Beauvillier                               40     0   4  1  

Penalty Kill - 3 Players Defense
   Defense                  Defense                  Time % Phy DF OF 
 1 Ryan Murray              Dougie Hamilton          60     1   4  0  
 2 Troy Stetcher            Erik Cernak              40     1   4  0  

4 vs 4 Forward 
   Center                   Wing                     Time % Phy DF OF 
 1 Mika Zibanejad           Jack Roslovic            60     1   2  2  
 2 Tyler Seguin             Anthony Mantha           40     1   2  2  

4 vs 4 Defense
   Defense                  Defense                  Time % Phy DF OF 
 1 Ryan Murray              Dougie Hamilton          60     1   2  2  
 2 Troy Stetcher            Erik Cernak              40     1   2  2  

Last Minutes Offensive
   Center                   Left Wing                Right Wing               Defense                  Defense                  
   Mika Zibanejad           Anthony Mantha           Jack Roslovic            Troy Stetcher            Dougie Hamilton          

Last Minutes Defensive
   Center                   Left Wing                Right Wing               Defense                  Defense                  
   Mika Zibanejad           Anthony Mantha           Frank Vatrano            Ryan Murray              Dougie Hamilton          

Goaltenders
Starting : Filip Gustavsson         
Backup : Jacob Markstrom          

Extra Forwards
Normal : Pavel Buchnevich, Alex Tuch, Frank Vatrano - PP : Pavel Buchnevich, Alex Tuch - PK : Pavel Buchnevich
Extra Defensemen
Normal : Erik Cernak, Noah Hanifin, Nikita Zaitsev - PP : Erik Cernak - PK : Erik Cernak, Noah Hanifin
Penalty Shots
Mika Zibanejad, Tyler Seguin, Jack Roslovic, Anthony Mantha, Pavel Buchnevich
Custom OT Lines Forwards
Mika Zibanejad, Tyler Seguin, Jack Roslovic, Anthony Mantha, Pavel Buchnevich, Alex Tuch, Frank Vatrano, Robby Fabbri, Roope Hintz, Sam Reinhart
Custom OT Lines Defensemen
Ryan Murray, Dougie Hamilton, Troy Stetcher, Erik Cernak, Noah Hanifin

Scratches
None


% Time on Ice - Blues

Lines # - Real PCT - Wanted PCT - Time Play
Normal Forward
1 - 37% - 40% - 17:51
2 - 26% - 30% - 12:46
3 - 22% - 20% - 10:27
4 - 15% - 10% - 7:25
Normal Defense
1 - 41% - 40% - 19:49
2 - 31% - 30% - 15:07
3 - 21% - 20% - 10:11
4 - 7% - 10% - 3:22
PP Forward
1 - 59% - 60% - 2:03
2 - 41% - 40% - 1:25
PP Defense
1 - 74% - 60% - 2:34
2 - 26% - 40% - 0:54
PK Forward
1 - 75% - 60% - 6:02
2 - 25% - 40% - 2:01
PK Defense
1 - 54% - 60% - 4:22
2 - 46% - 40% - 3:41
PK3 Forward
1 - 0% - 60%
2 - 0% - 40%
PK3 Defense
1 - 0% - 60%
2 - 0% - 40%
44 Forward
1 - 0% - 60%
2 - 0% - 40%
44 Defense
1 - 0% - 60%
2 - 0% - 40%
Last Minute Offensive  - 0:00
Last Minute Defensive  - 0:00
Total
Forward - 60:00
Defense - 60:00

% Time on Ice - Jets

Lines # - Real PCT - Wanted PCT - Time Play
Normal Forward
1 - 27% - 30% - 13:10
2 - 34% - 30% - 16:17
3 - 25% - 25% - 12:10
4 - 14% - 15% - 6:52
Normal Defense
1 - 38% - 35% - 18:33
2 - 28% - 30% - 13:30
3 - 26% - 25% - 12:25
4 - 8% - 10% - 4:01
PP Forward
1 - 51% - 60% - 4:08
2 - 49% - 40% - 3:55
PP Defense
1 - 60% - 60% - 4:49
2 - 40% - 40% - 3:14
PK Forward
1 - 82% - 60% - 2:50
2 - 18% - 40% - 0:38
PK Defense
1 - 64% - 60% - 2:13
2 - 36% - 40% - 1:15
PK3 Forward
1 - 0% - 60%
2 - 0% - 40%
PK3 Defense
1 - 0% - 60%
2 - 0% - 40%
44 Forward
1 - 0% - 60%
2 - 0% - 40%
44 Defense
1 - 0% - 60%
2 - 0% - 40%
Last Minute Offensive  - 0:00
Last Minute Defensive  - 0:00
Total
Forward - 60:00
Defense - 60:00

Play-by-Play

1st period


0:01 of 1st period - Alex Tuch wins face-off versus Nikolaj Ehlers in neutral zone.
0:04 of 1st period - Wrist shot by Anthony Mantha.
0:04 of 1st period - Shot Blocked by Ethan Bear.
0:51 of 1st period - Erik Cernak is hit by Jujhar Khaira.
2:25 of 1st period - Snap shot by Mika Zibanejad.
2:25 of 1st period - Stopped by Jake Oettinger without a rebound.
2:26 of 1st period - Tyler Seguin wins face-off versus Nathan MacKinnon in Blues zone.
2:53 of 1st period - Tyler Toffoli is hit by Dougie Hamilton and loses puck.
3:20 of 1st period - Henri Jokiharju is hit by Alex Tuch and loses puck.
3:32 of 1st period - Icing by Cody Ceci.
3:33 of 1st period - Rourke Chartier wins face-off versus Tyler Seguin in Blues zone.
3:45 of 1st period - Off-side.
3:46 of 1st period - Dylan Strome wins face-off versus Nathan MacKinnon in neutral zone.
4:02 of 1st period - Snap shot by Nathan MacKinnon.
4:02 of 1st period - Shot Blocked by Dylan Strome.
4:12 of 1st period - Jujhar Khaira is hit by Mika Zibanejad and loses puck.
4:21 of 1st period - Wrist shot by Jujhar Khaira.
4:21 of 1st period - Deflect By Vincent Trocheck.
4:21 of 1st period - Stopped by Filip Gustavsson without a rebound.
4:22 of 1st period - Tyler Toffoli wins face-off versus Dylan Strome in Jets zone.
4:25 of 1st period - Slapshot by Tyler Toffoli.
4:25 of 1st period - Shot Hit the Post.
4:51 of 1st period - Wrist shot by Nikolaj Ehlers.
4:51 of 1st period - Stopped by Filip Gustavsson without a rebound.
4:52 of 1st period - Filip Forsberg wins face-off versus Tyler Seguin in Jets zone.
5:18 of 1st period - Wrist shot by Jack Roslovic.
5:18 of 1st period - Stopped by Jake Oettinger without a rebound.
5:19 of 1st period - Vincent Trocheck wins face-off versus Dylan Strome in Blues zone.
6:57 of 1st period - Slapshot by Mika Zibanejad.
6:57 of 1st period - Deflect By Sam Reinhart.
6:57 of 1st period - Deflect By Cody Ceci.
6:57 of 1st period - Stopped by Jake Oettinger with a rebound.
7:07 of 1st period - Frank Vatrano is hit by Cody Ceci and loses puck.
7:12 of 1st period - Snap shot by Filip Forsberg.
7:12 of 1st period - Stopped by Filip Gustavsson with a rebound.
7:52 of 1st period - Minor Penalty to Sam Reinhart for Holding.
7:53 of 1st period - Nathan MacKinnon wins face-off versus Mika Zibanejad in Jets zone.
7:57 of 1st period - Wrist shot by Nathan MacKinnon.
7:57 of 1st period - Deflect By Filip Forsberg.
7:57 of 1st period - Shot Misses the Net.
7:57 of 1st period - Puck is out of play.
7:58 of 1st period - Nathan MacKinnon wins face-off versus Mika Zibanejad in Jets zone.
9:52 of 1st period - Penalty to Sam Reinhart is over, Sam Reinhart is back on ice.
9:58 of 1st period - Nikita Zaitsev is hit by Wayne Simmonds and loses puck.
10:13 of 1st period - Wrist shot by Tyler Seguin.
10:13 of 1st period - Shot Blocked by Joachim Blichfeld.
10:15 of 1st period - Slapshot by Pavel Buchnevich.
10:15 of 1st period - Shot Misses the Net.
10:17 of 1st period - Slapshot by Dougie Hamilton.
10:17 of 1st period - Stopped by Jake Oettinger with a rebound.
10:19 of 1st period - Slapshot by Nikita Zaitsev.
10:19 of 1st period - Deflect By Joachim Blichfeld.
10:19 of 1st period - Goal by Nikita Zaitsev - Blues : 0 - Jets : 1.
10:20 of 1st period - Nathan MacKinnon wins face-off versus Dylan Strome in neutral zone.
10:22 of 1st period - Off-side.
10:23 of 1st period - Nathan MacKinnon wins face-off versus Dylan Strome in neutral zone.
10:59 of 1st period - Mika Zibanejad is hit by Ethan Bear and loses puck.
11:49 of 1st period - Snap shot by Alex Tuch.
11:49 of 1st period - Shot Misses the Net.
13:44 of 1st period - Slapshot by Jordan Kyrou.
13:44 of 1st period - Stopped by Filip Gustavsson with a rebound.
14:00 of 1st period - Tyler Toffoli is hit by Robby Fabbri and loses puck.
14:08 of 1st period - Icing by Jeremy Lauzon.
14:09 of 1st period - Dylan Strome wins face-off versus Vincent Trocheck in Blues zone.
14:20 of 1st period - Wrist shot by Joachim Blichfeld.
14:20 of 1st period - Stopped by Filip Gustavsson without a rebound.
14:21 of 1st period - Nathan MacKinnon wins face-off versus Tyler Seguin in Jets zone.
14:24 of 1st period - Snap shot by Nikolaj Ehlers.
14:24 of 1st period - Shot Misses the Net.
14:48 of 1st period - Erik Cernak is hit by Vincent Trocheck and loses puck.
15:13 of 1st period - Wrist shot by Jack Roslovic.
15:13 of 1st period - Goal by Jack Roslovic - Blues : 0 - Jets : 2.
15:14 of 1st period - Dylan Strome wins face-off versus Nathan MacKinnon in neutral zone.
15:17 of 1st period - Filip Forsberg is hit by Anthony Mantha and loses puck.
15:22 of 1st period - Wrist shot by Alex Tuch.
15:22 of 1st period - Stopped by Jake Oettinger without a rebound.
15:23 of 1st period - Nathan MacKinnon wins face-off versus Alex Tuch in Blues zone.
15:34 of 1st period - Slapshot by Dylan Strome.
15:34 of 1st period - Stopped by Jake Oettinger without a rebound.
15:35 of 1st period - Nathan MacKinnon wins face-off versus Dylan Strome in Blues zone.
15:42 of 1st period - Snap shot by Dylan Strome.
15:42 of 1st period - Shot Misses the Net.
15:46 of 1st period - Slapshot by Anthony Mantha.
15:46 of 1st period - Deflect By Dylan Strome.
15:46 of 1st period - Stopped by Jake Oettinger without a rebound.
15:47 of 1st period - Nathan MacKinnon wins face-off versus Dylan Strome in Blues zone.
16:14 of 1st period - Robby Fabbri is hit by Cody Ceci and loses puck.
16:29 of 1st period - Robby Fabbri is hit by Tyler Toffoli and loses puck.
17:12 of 1st period - Nikita Zaitsev is hit by Henri Jokiharju and loses puck.
17:54 of 1st period - Slapshot by Sam Reinhart.
17:54 of 1st period - Stopped by Jake Oettinger with a rebound.
17:56 of 1st period - Wrist shot by Nikita Zaitsev.
17:56 of 1st period - Stopped by Jake Oettinger without a rebound.
17:57 of 1st period - Dylan Strome wins face-off versus Tyler Toffoli in Blues zone.
18:49 of 1st period - Wrist shot by Pierre Engvall.
18:49 of 1st period - Deflect By Wayne Simmonds.
18:49 of 1st period - Shot Misses the Net.
18:49 of 1st period - Puck is out of play.
18:50 of 1st period - Rourke Chartier wins face-off versus Dylan Strome in Jets zone.
18:51 of 1st period - Slapshot by Jeremy Lauzon.
18:51 of 1st period - Stopped by Filip Gustavsson with a rebound.
18:53 of 1st period - Snap shot by Pierre Engvall.
18:53 of 1st period - Stopped by Filip Gustavsson without a rebound.
18:54 of 1st period - Dylan Strome wins face-off versus Nathan MacKinnon in Jets zone.
19:17 of 1st period - Minor Penalty to Erik Cernak for Holding.
19:18 of 1st period - Mika Zibanejad wins face-off versus Nathan MacKinnon in Jets zone.
19:31 of 1st period - Snap shot by Seth Jones.
19:31 of 1st period - Goal by Seth Jones - Blues : 1 - Jets : 2.
19:32 of 1st period - Dylan Strome wins face-off versus Nathan MacKinnon in neutral zone.
19:37 of 1st period - Snap shot by Dylan Strome.
19:37 of 1st period - Stopped by Jake Oettinger with a rebound.
Goals for this period are 1 for Blues vs 2 for Jets.
Shots for this period are 8 for Blues vs 12 for Jets.

2nd period


0:01 of 2nd period - Dylan Strome wins face-off versus Tyler Toffoli in neutral zone.
0:09 of 2nd period - Double Minor Penalty to Jordan Kyrou for Roughing.
0:10 of 2nd period - Tyler Seguin wins face-off versus Tyler Toffoli in Blues zone.
0:16 of 2nd period - Wrist shot by Tyler Seguin.
0:16 of 2nd period - Goal by Tyler Seguin - Blues : 1 - Jets : 3.
0:17 of 2nd period - Tyler Toffoli wins face-off versus Tyler Seguin in neutral zone.
0:20 of 2nd period - Troy Stetcher is hit by Josh Morrissey and loses puck.
2:16 of 2nd period - Penalty to Jordan Kyrou is over, Jordan Kyrou is back on ice.
2:32 of 2nd period - Backhand shot by Frank Vatrano.
2:32 of 2nd period - Shot Misses the Net.
2:44 of 2nd period - Joachim Blichfeld is hit by Sam Reinhart and loses puck.
3:03 of 2nd period - Ethan Bear is hit by Dougie Hamilton.
3:31 of 2nd period - Anthony Beauvillier is hit by Joachim Blichfeld.
3:52 of 2nd period - Ryan Murray is hit by Rourke Chartier and loses puck.
4:57 of 2nd period - Alex Tuch is hit by Rourke Chartier and loses puck.
5:16 of 2nd period - Troy Stetcher is hit by Joachim Blichfeld and loses puck.
5:31 of 2nd period - Snap shot by Nikolaj Ehlers.
5:31 of 2nd period - Shot Hit the Post.
5:48 of 2nd period - Minor Penalty to Anthony Beauvillier for Hooking.
5:49 of 2nd period - Mika Zibanejad wins face-off versus Nathan MacKinnon in Jets zone.
5:59 of 2nd period - Slapshot by Seth Jones.
5:59 of 2nd period - Stopped by Filip Gustavsson without a rebound.
6:00 of 2nd period - Mika Zibanejad wins face-off versus Nathan MacKinnon in Jets zone.
6:15 of 2nd period - Slapshot by Seth Jones.
6:15 of 2nd period - Stopped by Filip Gustavsson with a rebound.
6:17 of 2nd period - Wrist shot by Filip Forsberg.
6:17 of 2nd period - Shot Blocked by Mika Zibanejad.
6:57 of 2nd period - Slapshot by Seth Jones.
6:57 of 2nd period - Deflect By Dylan Strome.
6:57 of 2nd period - Stopped by Filip Gustavsson without a rebound.
6:58 of 2nd period - Nathan MacKinnon wins face-off versus Mika Zibanejad in Jets zone.
7:03 of 2nd period - Wrist shot by Jordan Kyrou.
7:03 of 2nd period - Goal by Jordan Kyrou - Blues : 2 - Jets : 3.
7:04 of 2nd period - Dylan Strome wins face-off versus Nathan MacKinnon in neutral zone.
7:07 of 2nd period - Ethan Bear is hit by Anthony Mantha.
7:38 of 2nd period - Wrist shot by Jack Roslovic.
7:38 of 2nd period - Stopped by Jake Oettinger with a rebound.
7:57 of 2nd period - Jujhar Khaira is hit by Sam Reinhart and loses puck.
8:18 of 2nd period - Snap shot by Frank Vatrano.
8:18 of 2nd period - Stopped by Jake Oettinger with a rebound.
8:20 of 2nd period - Slapshot by Troy Stetcher.
8:20 of 2nd period - Stopped by Jake Oettinger with a rebound.
8:22 of 2nd period - Slapshot by Erik Cernak.
8:22 of 2nd period - Goal by Erik Cernak - Blues : 2 - Jets : 4.
8:22 of 2nd period - Laurent Brossoit enters game.
8:23 of 2nd period - Dylan Strome wins face-off versus Nathan MacKinnon in neutral zone.
9:35 of 2nd period - Snap shot by Frank Vatrano.
9:35 of 2nd period - Stopped by Laurent Brossoit without a rebound.
9:36 of 2nd period - Rourke Chartier wins face-off versus Dylan Strome in Blues zone.
9:45 of 2nd period - Snap shot by Pierre Engvall.
9:45 of 2nd period - Stopped by Filip Gustavsson with a rebound.
9:47 of 2nd period - Slapshot by Jeremy Lauzon.
9:47 of 2nd period - Stopped by Filip Gustavsson with a rebound.
9:49 of 2nd period - Snap shot by Rourke Chartier.
9:49 of 2nd period - Shot Misses the Net.
9:51 of 2nd period - Snap shot by Rourke Chartier.
9:51 of 2nd period - Stopped by Filip Gustavsson with a rebound.
9:57 of 2nd period - Wrist shot by Wayne Simmonds.
9:57 of 2nd period - Deflect By Rourke Chartier.
9:57 of 2nd period - Shot Blocked by Dylan Strome.
9:57 of 2nd period - Puck is out of play.
9:58 of 2nd period - Nathan MacKinnon wins face-off versus Tyler Seguin in Jets zone.
9:59 of 2nd period - Snap shot by Nikolaj Ehlers.
9:59 of 2nd period - Stopped by Filip Gustavsson without a rebound.
10:00 of 2nd period - Pavel Buchnevich wins face-off versus Nathan MacKinnon in Jets zone.
10:00 of 2nd period - Tyler Seguin is hit by Nathan MacKinnon and loses puck.
10:15 of 2nd period - Snap shot by Nikolaj Ehlers.
10:15 of 2nd period - Stopped by Filip Gustavsson with a rebound.
10:47 of 2nd period - Slapshot by Joachim Blichfeld.
10:47 of 2nd period - Goal by Joachim Blichfeld - Blues : 3 - Jets : 4.
10:48 of 2nd period - Dylan Strome wins face-off versus Nathan MacKinnon in neutral zone.
12:46 of 2nd period - Anthony Mantha is hit by Tyler Toffoli and loses puck.
13:57 of 2nd period - Wrist shot by Jordan Kyrou.
13:57 of 2nd period - Stopped by Filip Gustavsson without a rebound.
13:58 of 2nd period - Tyler Seguin wins face-off versus Nathan MacKinnon in Jets zone.
14:29 of 2nd period - Wrist shot by Mika Zibanejad.
14:29 of 2nd period - Shot Misses the Net.
15:09 of 2nd period - Seth Jones is hit by Mika Zibanejad and loses puck.
15:48 of 2nd period - Wrist shot by Pavel Buchnevich.
15:48 of 2nd period - Shot Blocked by Josh Morrissey.
15:50 of 2nd period - Snap shot by Jack Roslovic.
15:50 of 2nd period - Stopped by Laurent Brossoit with a rebound.
16:16 of 2nd period - Sam Reinhart is hit by Jujhar Khaira and loses puck.
18:12 of 2nd period - Slapshot by Cody Ceci.
18:12 of 2nd period - Shot Blocked by Dougie Hamilton.
18:14 of 2nd period - Wrist shot by Cody Ceci.
18:14 of 2nd period - Shot Blocked by Pavel Buchnevich.
18:16 of 2nd period - Slapshot by Seth Jones.
18:16 of 2nd period - Deflect By Nikolaj Ehlers.
18:16 of 2nd period - Shot Blocked by Ryan Murray.
18:16 of 2nd period - Puck is out of play.
18:17 of 2nd period - Mika Zibanejad wins face-off versus Tyler Toffoli in Jets zone.
18:22 of 2nd period - Tyler Toffoli is hit by Robby Fabbri and loses puck.
Goals for this period are 2 for Blues vs 2 for Jets.
Shots for this period are 11 for Blues vs 7 for Jets.

3rd period


0:01 of 3rd period - Nathan MacKinnon wins face-off versus Dylan Strome in neutral zone.
0:14 of 3rd period - Snap shot by Troy Stetcher.
0:14 of 3rd period - Stopped by Laurent Brossoit with a rebound.
0:16 of 3rd period - Wrist shot by Anthony Mantha.
0:16 of 3rd period - Shot Misses the Net.
0:54 of 3rd period - Wrist shot by Pavel Buchnevich.
0:54 of 3rd period - Shot Misses the Net.
0:56 of 3rd period - Wrist shot by Dougie Hamilton.
0:56 of 3rd period - Goal by Dougie Hamilton - Blues : 3 - Jets : 5.
0:57 of 3rd period - Tyler Toffoli wins face-off versus Dylan Strome in neutral zone.
1:00 of 3rd period - Wrist shot by Cody Ceci.
1:00 of 3rd period - Shot Blocked by Anthony Mantha.
1:12 of 3rd period - Snap shot by Dominik Simon.
1:12 of 3rd period - Stopped by Filip Gustavsson with a rebound.
1:14 of 3rd period - Slapshot by Josh Morrissey.
1:14 of 3rd period - Stopped by Filip Gustavsson without a rebound.
1:15 of 3rd period - Tyler Seguin wins face-off versus Nathan MacKinnon in Jets zone.
1:32 of 3rd period - Slapshot by Filip Forsberg.
1:32 of 3rd period - Stopped by Filip Gustavsson with a rebound.
1:58 of 3rd period - Minor Penalty to Joachim Blichfeld for Holding.
1:59 of 3rd period - Tyler Seguin wins face-off versus Tyler Toffoli in Blues zone.
2:25 of 3rd period - Cody Ceci is hit by Sam Reinhart and loses puck.
3:40 of 3rd period - Dougie Hamilton is hit by Josh Morrissey and loses puck.
3:58 of 3rd period - Penalty to Joachim Blichfeld is over, Joachim Blichfeld is back on ice.
5:01 of 3rd period - Filip Forsberg is hit by Jack Roslovic and loses puck.
5:08 of 3rd period - Pavel Buchnevich is hit by Henri Jokiharju and loses puck.
5:18 of 3rd period - Off-side.
5:19 of 3rd period - Vincent Trocheck wins face-off versus Frank Vatrano in neutral zone.
5:49 of 3rd period - Icing by Anthony Mantha.
5:50 of 3rd period - Frank Vatrano wins face-off versus Tyler Toffoli in Jets zone.
6:06 of 3rd period - Slapshot by Tyler Toffoli.
6:06 of 3rd period - Stopped by Filip Gustavsson without a rebound.
6:07 of 3rd period - Nathan MacKinnon wins face-off versus Tyler Seguin in Jets zone.
6:41 of 3rd period - Slapshot by Jordan Kyrou.
6:41 of 3rd period - Stopped by Filip Gustavsson without a rebound.
6:42 of 3rd period - Dominik Simon wins face-off versus Dylan Strome in Jets zone.
6:45 of 3rd period - Wrist shot by Jordan Kyrou.
6:45 of 3rd period - Stopped by Filip Gustavsson without a rebound.
6:46 of 3rd period - Tyler Toffoli wins face-off versus Dylan Strome in Jets zone.
7:03 of 3rd period - Alex Tuch is hit by Jordan Kyrou and loses puck.
7:22 of 3rd period - Wrist shot by Pavel Buchnevich.
7:22 of 3rd period - Shot Hit the Post.
7:36 of 3rd period - Wrist shot by Mika Zibanejad.
7:36 of 3rd period - Stopped by Laurent Brossoit without a rebound.
7:37 of 3rd period - Tyler Toffoli wins face-off versus Mika Zibanejad in Blues zone.
7:42 of 3rd period - Wrist shot by Mika Zibanejad.
7:42 of 3rd period - Shot Misses the Net.
7:44 of 3rd period - Backhand shot by Sam Reinhart.
7:44 of 3rd period - Stopped by Laurent Brossoit with a rebound.
7:46 of 3rd period - Slapshot by Mika Zibanejad.
7:46 of 3rd period - Stopped by Laurent Brossoit with a rebound.
7:48 of 3rd period - Snap shot by Erik Cernak.
7:48 of 3rd period - Stopped by Laurent Brossoit without a rebound.
7:49 of 3rd period - Filip Forsberg wins face-off versus Dylan Strome in Blues zone.
8:29 of 3rd period - Slapshot by Cody Ceci.
8:29 of 3rd period - Stopped by Filip Gustavsson with a rebound.
8:52 of 3rd period - Jujhar Khaira is hit by Troy Stetcher and loses puck.
9:04 of 3rd period - Icing by Anthony Beauvillier.
9:05 of 3rd period - Dylan Strome wins face-off versus Rourke Chartier in Jets zone.
9:05 of 3rd period - Dylan Strome is hit by Wayne Simmonds.
9:11 of 3rd period - Slapshot by Ryan Murray.
9:11 of 3rd period - Deflect By Frank Vatrano.
9:11 of 3rd period - Stopped by Laurent Brossoit without a rebound.
9:12 of 3rd period - Nikolaj Ehlers wins face-off versus Dylan Strome in Blues zone.
9:14 of 3rd period - Minor Penalty to Henri Jokiharju for Cross-checking.
9:15 of 3rd period - Tyler Toffoli wins face-off versus Tyler Seguin in Blues zone.
10:43 of 3rd period - Mika Zibanejad is hit by Nathan MacKinnon and loses puck.
11:14 of 3rd period - Penalty to Henri Jokiharju is over, Henri Jokiharju is back on ice.
11:21 of 3rd period - Josh Morrissey is hit by Frank Vatrano and loses puck.
11:56 of 3rd period - Minor Penalty to Jujhar Khaira for Interference.
11:57 of 3rd period - Mika Zibanejad wins face-off versus Tyler Toffoli in Blues zone.
13:10 of 3rd period - Troy Stetcher is hit by Vincent Trocheck and loses puck.
13:56 of 3rd period - Penalty to Jujhar Khaira is over, Jujhar Khaira is back on ice.
14:22 of 3rd period - Alex Tuch is hit by Joachim Blichfeld and loses puck.
15:04 of 3rd period - Snap shot by Dominik Simon.
15:04 of 3rd period - Shot Blocked by Ryan Murray.
15:48 of 3rd period - Frank Vatrano is hit by Filip Forsberg.
17:04 of 3rd period - Slapshot by Rourke Chartier.
17:04 of 3rd period - Stopped by Filip Gustavsson with a rebound.
17:06 of 3rd period - Wrist shot by Pierre Engvall.
17:06 of 3rd period - Shot Misses the Net.
19:00 of 3rd period - Nikita Zaitsev is hit by Tyler Toffoli and loses puck.
Goals for this period are 0 for Blues vs 1 for Jets.
Shots for this period are 8 for Blues vs 7 for Jets.